AoeStats
← Jakobob

Arabia

510810500Analyzed
1v1 RM · 14h ago on Oct 2, 2026· 46m 53s· 2 players
Game mode
Random Map
Map size
Tiny (2 player)
Population
200
Speed
Normal
Resources
Standard
Victory
Conquest
Starting age
Dark Age
Ending age
Imperial Age
RankedLock teamsTeams togetherTeam positionsShared explorationLock speedFull tech treeHidden civsTurbo modeCheats
Victory
Defeat
🇩🇪 Teutons · Germany
824
+15
🇨🇴 Persians · Colombia
811
-15
Aresito
10:11 Feudal Age
9:43 Loom
10:46 Double-Bit Axe
21:24 Castle Age
20:10 Horse Collar
21:09 Wheelbarrow
21:25 Pikeman
22:46 Scale Barding Armor
23:56 Squires
24:59 Bow Saw
25:02 Heavy Plow
26:46 Hand Cart
26:47 Fervor
28:09 Forging
28:02 Scale Mail Armor
28:05 Husbandry
29:43 Stone Mining
29:44 Gold Mining
31:15 Stone Shaft Mining
32:08 Chain Barding Armor
36:21 Fletching
36:31 Padded Archer Armor
39:47 Gold Shaft Mining
40:01 Bodkin Arrow
40:21 Leather Archer Armor
40:22 Chain Mail Armor
41:00 Iron Casting
40:52 Bloodlines
40:03 Light Cavalry
43:06 Kamandaran
43:01 Crossbowman
43:50 Thumb Ring
44:57 Light Cavalry
Jakobob
11:07 Feudal Age
9:30 Loom
11:16 Feudal Age
14:38 Wheelbarrow
16:33 Castle Age
18:37 Double-Bit Axe
21:29 Scale Barding Armor
21:29 Horse Collar
25:10 Wheelbarrow
24:40 Gold Mining
27:55 Forging
31:37 Hand Cart
31:30 Heavy Plow
32:22 Chain Barding Armor
33:56 Iron Casting
33:58 Fletching
33:57 Town Watch
37:44 Imperial Age
36:31 Bodkin Arrow
39:55 Plate Barding Armor
40:21 Blast Furnace
39:00 Cavalier
39:48 Elite Teutonic Knight
45:24 Paladin
Connection lost

Rejoining the realm…

Still unreachable

The connection could not be restored.

Session expired

The server has moved on; the page needs a fresh start.